 Dungeon Crawl Stone Soup version 0.29-a0-542-g075992c915 (webtiles) character file.

Game seed: 7501051830037985025

579 CryoSword the Poker (level 7, 0/53 HPs)
             Began as a Demonspawn Abyssal Knight on June 3, 2022.
             Was an Elder of Lugonu.
             Slain by a hound (5 damage)
             ... on level 5 of the Dungeon.
             The game lasted 00:08:11 (6212 turns).

CryoSword the Poker (Demonspawn Abyssal Knight)     Turns: 6212, Time: 00:08:11

Health: 0/53       AC:  8    Str: 16    XL:     7   Next: 13%
Magic:  9/9        EV: 14    Int: 14    God:    Lugonu [****..]
Gold:   230        SH:  4    Dex: 13    Spells: 6/6 levels left

rFire   . . .      SeeInvis .   w - +1 hand crossbow (flame)
rCold   . . .      Faith    .   e - +0 buckler
rNeg    . . .      Spirit   .   s - +0 scale mail
rPois   .          Reflect  .   v - +0 helmet {Int+3}
rElec   .          Harm     .   (no cloak)
rCorr   .          Rampage  .   o - +0 pair of gloves
Will    +....                   (no boots)
Stlth   ..........              (no amulet)
HPRegen 0.17/turn               n - ring of willpower
MPRegen 0.11/turn               (no ring)

@: agile, about to teleport
A: claws 1, demonic guardian 1, powered by pain 1
a: Renounce Religion, Depart the Abyss, Bend Space, Banish, Corrupt


You were on level 5 of the Dungeon.
You worshipped Lugonu.
Lugonu was greatly pleased with you.
You visited 1 branch of the dungeon, and saw 5 of its levels.
You visited the Abyss 1 time.

You collected 230 gold pieces.

Inventory:

Hand Weapons
 a - a +0 dagger of venom
   (You took it off a kobold on level 2 of the Dungeon)
 w - a +1 hand crossbow of flaming (weapon)
   (You took it off a kobold on level 3 of the Dungeon)
Missiles
 c - 9 poisoned darts
Armour
 e - a +0 buckler (worn)
   (You found it on level 1 of the Dungeon)
 o - a +0 pair of gloves (worn)
   (You found it on level 3 of the Dungeon)
 s - a +0 scale mail (worn)
   (You took it off Edmund on level 4 of the Dungeon)
 v - a +0 helmet of intelligence (worn)
   (You found it on level 3 of the Dungeon)
Jewellery
 n - a ring of willpower (left hand)
   (You found it on level 2 of the Dungeon)
Scrolls
 b - a scroll of enchant armour {unknown}
 h - a scroll of magic mapping {unknown}
 k - a scroll of teleportation {@r4}
 p - a scroll of amnesia {unknown}
 q - a scroll of fear {unknown}
 t - 2 scrolls of noise {unknown}
 u - a scroll of poison {unknown}
 y - a scroll of blinking {unknown}
Potions
 d - 2 potions of mutation {!q}
 f - 2 potions of curing {@q1}
 g - a potion of haste {unknown}
 i - a potion of attraction {unknown}
 m - 3 potions of brilliance {unknown}
 r - 3 potions of heal wounds {unknown}
 x - a potion of cancellation


   Skills:
 - Level 3.7 Fighting
 - Level 4.5 Polearms
 * Level 2.7 Crossbows
 - Level 1.7 Armour
 - Level 2.0 Dodging
 - Level 2.6 Shields
 + Level 0.0 Unarmed Combat
 - Level 3.7 Invocations


You had 6 spell levels left.
You didn't know any spells.
Your spell library contained the following spells:

 Spells                   Type           Power      Damage    Failure   Level
 Confusing Touch          Hex            0%         N/A       99%         3
 Inner Flame              Hex/Fire       0%         N/A       99%         3
 Tukima's Dance           Hex            0%         N/A       99%         3
 Cause Fear               Hex            0%         N/A       100%        4
 Passage of Golubria      Tloc           0%         N/A       100%        4
 Yara's Violent Unravell  Hex/Tmut       0%         3d3       100%        5
 Enfeeble                 Hex            0%         N/A       100%        7
 Discord                  Hex            0%         N/A       100%        8


Dungeon Overview and Level Annotations

Branches:
Dungeon (5/15)
 Temple: D:4-7

Altars:
Uskayaw


Innate Abilities, Weirdness & Mutations

You have sharp fingernails.
A weak demonic guardian rushes to your aid.
You sometimes gain a little power by taking damage.


Message History

You kill the kobold!
Lugonu accepts your kill.
No target in view!
No target in view!
Things that are here:
a +0 whip; 4 stones You see here 24 stones.
Found a robe.
Found 17 stones.
You see here a +0 robe.
You see here a +0 robe.
You see here 17 stones.
You enter the shallow water.
Moving in this stuff is going to be slow.
You see here 24 stones.
Things that are here:
a +0 whip; 4 stones You enter the shallow water.
Moving in this stuff is going to be slow.
Key pressed, stopping explore.
An ogre is nearby!
An ogre is nearby!
You shoot a bolt. The bolt barely misses the ogre.
The ogre shouts!
Your +1 hand crossbow of flaming stops flaming.
Your +0 dagger of venom begins to drip with poison!
l - a +0 dagger of venom (weapon)
Throw: 9 darts (poison)
Aim: an ogre, wielding a +0 giant spiked club (73% to hit)
You throw a poisoned dart. The poisoned dart hits the ogre.
Throw: 8 darts (poison)
Aim: an ogre, wielding a +0 giant spiked club (73% to hit)
You throw a poisoned dart. The poisoned dart hits the ogre.
The ogre is poisoned.
Throw: 7 darts (poison)
Aim: an ogre, wielding a +0 giant spiked club (poisoned, 73% to hit)
You throw a poisoned dart.
The poisoned dart barely misses the ogre.
Throw: 6 darts (poison)
Aim: an ogre, wielding a +0 giant spiked club (poisoned, 73% to hit)
You throw a poisoned dart. The poisoned dart hits the ogre.
The ogre looks even sicker.
You barely miss the ogre. You block the ogre's attack.
You hit the ogre but do no damage.
The ogre looks as sick as possible!
The ogre barely misses you.
You hit the ogre.
The ogre looks as sick as possible!
You block the ogre's attack. The ogre attacks as you move away!
You block the ogre's attack.
You kill the ogre!
Lugonu accepts your kill.
Your Crossbows skill increases to level 2!
You have reached level 7!
Your demonic ancestry asserts itself...
Your fingernails lengthen.
You drop a +1 spear.
Your +0 dagger of venom stops dripping with poison.
Your +1 hand crossbow of flaming bursts into flame!
b - a +1 hand crossbow of flaming (weapon)
Adjust to which letter? (? for menu, Esc to quit)
w - a +1 hand crossbow of flaming (weapon)
b - a scroll labelled ZOVUAKY BUWNOATARI Adjust to which letter? (? for menu, Esc to quit)
a - a +0 dagger of venom You see here a +0 giant spiked club.
c - 6 poisoned darts (gained 1)
c - 7 poisoned darts (gained 1)
c - 8 poisoned darts (gained 1)
c - 9 poisoned darts (gained 1)
Found a stone staircase leading down.
There is a stone staircase leading down here.
There is a stone staircase leading down here.
Found 16 stones.
Found a spear.
There is an open door here.
r - 3 silvery potions (gained 1)
There is an open door here.
You now have 219 gold pieces (gained 10).
Key pressed, stopping explore.
You see here a +0 mace.
There is a stone staircase leading down here.
Done exploring.
Done exploring.
Done exploring.
Done exploring.
There is a stone staircase leading down here.
You climb downwards.
Found 11 gold pieces.
There is a stone staircase leading up here.
No target in view!
You now have 230 gold pieces (gained 11).
Could not explore, unopened door.
Could not explore, unopened door.
Could not explore, unopened door.
No target in view!
You open the door.
An orc, a centaur, a quokka and a steam dragon come into view.
The orc shouts!
The centaur shouts!
The steam dragon hisses angrily.
Found a ring mail.
There are monsters nearby!
There are monsters nearby!
You shoot a bolt. The bolt hits the orc.
The bolt burns the orc.
The orc barely misses you.
You shoot a bolt. The bolt closely misses the orc.
The bolt hits the steam dragon.
The bolt burns the steam dragon.
The orc hits you with a +0 short sword. You block the orc's attack.
The steam dragon breathes steam at you.
The ball of steam hits the orc!
The orc dies!
The ball of steam hits you!!
A demonic guardian appears!
You focus on the pain.
You feel agile all of a sudden.
You hear a shout!
You hear a bark!
You hear an angry hiss.
Your shadow imp is engulfed in a cloud of scalding steam.
The centaur wields a +0 shortbow.
The centaur shoots an arrow.
The arrow hits your shadow imp.
Your shadow imp dies!
Your shadow imp disappears in a puff of smoke!
A hound comes into view.
The hound barks!
You hear an angry hiss.
The centaur shoots an arrow.
The arrow misses you.
The centaur shoots an arrow.
The arrow closely misses you. The hound attacks as you move away!
The hound misses you. The steam dragon breathes steam at you.
The ball of steam hits you!!
* * * LOW HITPOINT WARNING * * *
You feel better.
You are engulfed in a cloud of scalding steam.
* * * LOW HITPOINT WARNING * * *
The hound bites you but does no damage. x2
Really walk into that cloud of steam?
Okay, then.
Shoot: w) +1 hand crossbow (flame)
Aim: a hound (51% to hit)
You shoot a bolt. The bolt closely misses the hound.
You block the hound's attack. The hound barely misses you.
As you read the scroll of teleportation {@r4}, it crumbles to dust.
You feel strangely unstable.
You are engulfed in a cloud of scalding steam.
* * * LOW HITPOINT WARNING * * *
A demonic guardian appears!
You block the hound's attack. The hound closely misses you.
The hound attacks as you move away! The hound bites you but does no damage.
The centaur shoots an arrow.
The arrow hits you.
* * * LOW HITPOINT WARNING * * *
The centaur shoots an arrow.
The arrow hits your ufetubus!
Your ufetubus dies!
Your ufetubus disappears in a puff of smoke!
The hound bites you.
You die...

#.#cD.# ##.##...#
# ##...##.[#
....####.....####
#.....c........
######.#D######
####.ยง..######
+....h........
####..@.######
##.#.# ##....#
##.....##
#.......#
##.....## ##...##
##<## #.#


You could see a steam dragon, a centaur and a hound.

Vanquished Creatures
  Edmund (D:4)
  A black bear (D:4)
  An ogre (D:4)
  A phantom (D:3)
  A jelly (D:4)
  Jessica (D:2)
  An iguana (D:4)
  2 adders (D:4)
  An ufetubus (D:4)
  A worm (D:3)
  4 dart slugs
  2 orcs
  6 endoplasms
  A giant cockroach (D:3)
  6 goblins
  7 hobgoblins
  3 jackals (D:1)
  11 kobolds
  8 quokkas
  3 ball pythons
  5 bats
  6 frilled lizards
  7 rats
80 creatures vanquished.

Vanquished Creatures (collateral kills)
  A worm (D:2)
  A hobgoblin (D:3)
  A jackal (D:1)
  A quokka (D:3)
  A kobold (D:2)
5 creatures vanquished.

Vanquished Creatures (others)
  An orc (D:5)
  A quokka (D:5)
  A plant (D:4)
3 creatures vanquished.

Grand Total: 88 creatures vanquished

Notes
Turn   | Place    | Note
-------+----------+-------------------------------------------
     0 | Abyss:1  | CryoSword the Demonspawn Abyssal Knight began the quest for
                  | the Orb.
     0 | Abyss:1  | Reached XP level 1. HP: 18/18 MP: 2/2
     9 | D:1      | Escaped the Abyss
    57 | D:1      | Reached skill level 2 in Polearms
   194 | D:1      | Gained mutation: A weak demonic guardian rushes to your
                  | aid. [demonic ancestry]
   194 | D:1      | Reached XP level 2. HP: 24/24 MP: 3/3
   521 | D:1      | Found a faded altar of an unknown god.
   791 | D:1      | Reached skill level 3 in Polearms
   870 | D:1      | Reached *** piety under Lugonu
   955 | D:1      | Reached XP level 3. HP: 29/29 MP: 4/4
  1316 | D:2      | Noticed Jessica
  1333 | D:2      | Killed Jessica
  1334 | D:2      | Reached skill level 1 in Shields
  1632 | D:2      | Gained mutation: You sometimes gain a little power by
                  | taking damage. [demonic ancestry]
  1632 | D:2      | Reached XP level 4. HP: 13/35 MP: 5/5
  2236 | D:2      | Found a hide-covered altar of Uskayaw.
  2468 | D:3      | Noticed a phantom
  2932 | D:3      | Reached skill level 4 in Polearms
  3384 | D:4      | Reached **** piety under Lugonu
  3388 | D:4      | Reached skill level 1 in Dodging
  3723 | D:4      | HP: 1/35 [iguana (12)]
  3725 | D:4      | Reached XP level 5. HP: 1/41 MP: 5/7
  4069 | D:4      | Noticed Edmund
  4397 | D:4      | Killed Edmund
  4398 | D:4      | Reached XP level 6. HP: 8/47 MP: 8/8
  5436 | D:3      | Reached skill level 1 in Crossbows
  5805 | D:4      | Gained mutation: You have sharp fingernails. [demonic
                  | ancestry]
  5805 | D:4      | Reached XP level 7. HP: 53/53 MP: 9/9
  6172 | D:5      | Entered Level 5 of the Dungeon
  6197 | D:5      | Noticed a steam dragon
  6212 | D:5      | Slain by a hound

Illustrated notes

Levels and vault maps discovered:
D:1:      onia_arrival_mini_spirals, layout_loops_ring,
          ebering_ecumenical_altar_box
D:2:      layout_loops_cross, basic_altar, minmay_pentomino_z2, uniq_jessica
D:3:      layout_rooms, hangedman_decor_growths
D:4:      layout_layer_cave, serial_bayou_ford_a,
          chequers_serial_rivers_micro_b, supply_closet_lemuel,
          grunt_ministairs_9, minmay_misc_feat_ornament, uniq_edmund
D:5:      cheibrodos_barr_body, layout_loops_corners,
          nicolae_uskayaw_murder_on_the_dancefloor,
          mainiacjoe_overflow_alcove_4, gammafunk_ghost_smash, sigmund_army

Skill      XL: |  1  2  3  4  5  6 |
---------------+-------------------+-----
Polearms       | 2 3 4 |  4.5
Shields        | 1 2 |  2.6
Dodging        | 1 2 |  2.0
Invocations    | 3 |  3.7
Crossbows      | 2 |  2.7
Fighting       | |  3.7
Armour         | |  1.7

Action                   |  1- 3 |  4- 6 |  7- 9 || total
-------------------------+-------+-------+-------++-------
Melee: Spear             |   114 |     2 |       ||   116
       Dagger            |       |   173 |       ||   173
 Fire: Hand crossbow     |       |    32 |     3 ||    35
Throw: Dart              |       |    11 |       ||    11
  Use: Scroll            |       |     5 |     1 ||     6
       Potion            |       |       |     1 ||     1
 Stab: Sleeping          |     1 |       |       ||     1
Armor: Leather armour    |    24 |    43 |       ||    67
       Scale mail        |       |    25 |     3 ||    28
Dodge: Dodged            |    40 |    87 |     6 ||   133
Block: Buckler           |     5 |    41 |     3 ||    49

Table legend: (Time is in decaauts)
 A = Elapsed time spent in this place.
 B = Non-inter-level travel time spent in this place.
 C = Inter-level travel time spent in this place.
 D = Time resting spent in this place.
 E = Time spent auto-exploring this place.
 F = Levels seen in this place.
 G = Mean time per level.
                   A        B        C        D        E       F      G
               +--------+--------+--------+--------+--------+-----+--------+
         Total |   6247 |   6021 |    226 |    958 |   4088 |   6 | 1041.2 |
       Dungeon |   6238 |   6012 |    226 |    958 |   4085 |   5 | 1247.6 |
         Abyss |      9 |      9 |      0 |      0 |      3 |   1 |    9.0 |
               +--------+--------+--------+--------+--------+-----+--------+

Top non-repeatable levels by time:
     D:4: 2737 daAuts
     D:2: 1265 daAuts
     D:1: 1242 daAuts
     D:3: 951 daAuts
     D:5: 41 daAuts
 Abyss:1: 9 daAuts
